 Dungeon Crawl Stone Soup version 0.20-a0-638-gd210ae2 (webtiles) character file.

5225 Laan the Destroyer (level 10, -9/50 HPs)
             Began as a Kobold Fire Elementalist on Feb 12, 2017.
             Killed by the air
             ... invoked by Gastronok
              (19 damage)
             ... on level 8 of the Dungeon.
             The game lasted 00:32:40 (11230 turns).

Laan the Destroyer (Kobold Fire Elementalist)      Turns: 11230, Time: 00:32:41

Health: -9/50      AC:  6    Str:  5    XL:     10   Next: 92%
Magic:  11/23      EV: 15    Int: 20    God:
Gold:   550        SH:  0    Dex: 16    Spells: 14/27 levels left

rFire    . . .     SeeInvis .   w - +3 hand axe (elec)
rCold    . . .     Gourm    .   a - +0 robe
rNeg     . . .     Faith    .   (shield restricted)
rPois    .         Spirit   .   q - +0 helmet
rElec    .         Reflect  .   (no cloak)
rCorr    .         Harm     .   h - +2 pair of gloves
MR       .....                  (no boots)
Stlth    ++........             D - amulet of regeneration
Regen    0.6/turn               (no ring)
                                (no ring)

@: no status effects
A: carnivore 3
a: no special abilities


You were on level 8 of the Dungeon.
You were very full.

You visited 2 branches of the dungeon, and saw 10 of its levels.

You collected 550 gold pieces.

Inventory:

Hand Weapons
 u - a +1 short sword of draining
 w - a +3 hand axe of electrocution (weapon)
 y - the +7 trident "Unlysm" {pain, rPois rC+ rN+++ Int-3}
   (You found it on level 6 of the Dungeon)

   In the hands of one skilled in necromantic magic, it inflicts extra damage on
   living creatures.
   It affects your intelligence (-3).
   It protects you from cold.
   It protects you from poison.
   It renders you almost immune to negative energy.
Armour
 a - a +0 robe (worn)
 h - a +2 pair of gloves (worn)
 q - a +0 helmet (worn)
Magical Staves
 B - an uncursed staff of cold
Jewellery
 D - an amulet of regeneration (around neck)
Wands
 G - a wand of scattershot (5/9)
Scrolls
 d - 6 scrolls of teleportation {unknown}
 g - 2 scrolls of recharging {unknown}
 i - 9 scrolls of identify
 j - 4 scrolls of remove curse {unknown}
 l - 2 scrolls of fog {unknown}
 n - 2 scrolls of enchant armour {unknown}
 r - 2 scrolls of vulnerability {unknown}
 s - 2 scrolls of amnesia {unknown}
 t - 3 scrolls of noise {unknown}
 x - 2 scrolls of magic mapping {unknown}
 C - a scroll of enchant weapon {unknown}
 E - a scroll of immolation {unknown}
Potions
 e - 2 potions of haste
 f - a potion of cancellation {unknown}
 k - a potion of ambrosia {unknown}
 m - a potion of brilliance {unknown}
 p - 4 potions of curing {unknown}
 v - 3 potions of mutation {unknown}
 z - a potion of degeneration {unknown}
 A - a potion of agility {unknown}
Books
 b - a book of Flames

   Spells                             Type                      Level
   a - Flame Tongue                   Conjuration/Fire             1
   b - Throw Flame                    Conjuration/Fire             2
   c - Conjure Flame                  Conjuration/Fire             3
   d - Inner Flame                    Hexes/Fire                   3
   e - Sticky Flame                   Conjuration/Fire             4
   f - Fireball                       Conjuration/Fire             5
 F - a book of Frost

   Spells                             Type                      Level
   a - Freeze                         Ice                          1
   b - Throw Frost                    Conjuration/Ice              2
   c - Ozocubu's Armour               Charms/Ice                   3
   d - Throw Icicle                   Conjuration/Ice              4
   e - Summon Ice Beast               Ice/Summoning                4
Comestibles
 c - 4 meat rations
 o - 6 royal jellies


   Skills:
 - Level 2.4 Dodging
 - Level 2.6 Stealth
 + Level 9.1 Spellcasting
 * Level 12.3 Conjurations
 - Level 3.0 Fire Magic


You had 14 spell levels left.
You knew the following spells:

 Your Spells              Type           Power        Failure   Level  Hunger
a - Flame Tongue          Conj/Fire      #####        1%          1    None
b - Conjure Flame         Conj/Fire      #####...     1%          3    None
c - Sticky Flame          Conj/Fire      #####...     4%          4    ###....
d - Fireball              Conj/Fire      #####.....   12%         5    #####..


Dungeon Overview and Level Annotations

Branches:
Dungeon (9/15)             Temple (1/1) D:7            Lair (0/6) D:8
    Orc: D:9-12

Altars:
Ashenzari
Cheibriados
Dithmenos
Elyvilon
Fedhas
Gozag
Hepliaklqana
Kikubaaqudgha
Makhleb
Okawaru
Qazlal
Ru
Sif Muna
Trog
Uskayaw
Xom
Yredelemnul
Zin
The Shining One
Lugonu

Annotations:
D:8 Gastronok


Innate Abilities, Weirdness & Mutations

You are small and have problems with some larger weapons.
You are carnivorous and can eat meat at any time.


Message History

Gastronok is almost dead.
Gastronok is covered in liquid flames!
Gastronok burns!
The bat hits you but does no damage. Gastronok bites you.
* * * LOW HITPOINT WARNING * * *
Casting: Sticky Flame
Confirm with . or Enter, or press ? or * to list all spells.
Aiming: Sticky Flame
Press: ? - help, Shift-Dir - straight line, f/p - Gastronok
Aim: Gastronok, wearing an embroidered hat (almost dead, covered in liquid flames)
The sticky flame hits Gastronok.
Gastronok appears unharmed.
Gastronok is almost dead.
Gastronok burns!
The bat barely misses you. The bat closely misses you.
The quokka bites the fungus.
The river rat bites you but does no damage.
Gastronok burns!
The bat hits you but does no damage.
The quokka bites the plant but does no damage.
Gastronok makes a strange noise.
Gastronok waves his eye-stalks in wide circles.
The air twists around and strikes you!
You die...

#......P.P.PP....## ####.
#.....PPP.P.P.P..P###..).
#....P.P.##'#.....##ยง.##.
#.....P..#..#P..P..#.###.
#.......P#>.#P.......# #.
#......rP####.P.P..### ##
####...P.P.PP..P..#######
#######....brw.P.....###....
#.<........@P.P.P..P...#....
#..(....#....P.P.....#.#....
#...........P....#####.#####
#.......##.....### #....###
#.......######## #.......
#.......# #....### #.......#
###### #########


You could see Gastronok (burning), a river rat, a quokka and a bat.

Vanquished Creatures
  The ghost of mora the Basher, a novice GrFi (D:7)
  A centaur skeleton (D:8)
  Prince Ribbit (D:6)
  A hippogriff (D:8)
  A wyvern (D:8)
  Sigmund (D:6)
  A human (D:7)
  6 yaks
  2 hogs (D:7)
  2 steam dragons (D:8)
  The ghost of Kwzr the Caller, an amateur TeSu (D:3)
  2 porcupines (D:8)
  An orc warrior (D:8)
  A sky beast (D:8)
  A black bear (D:6)
  An ice beast (D:5)
  An ogre (D:8)
  A centaur (D:8)
  A crocodile (D:5)
  A big kobold (D:8)
  A gnoll sergeant (D:7)
  3 bullfrogs (D:8)
  A scorpion (D:7)
  5 howler monkeys
  A bullfrog zombie (D:8)
  A crimson imp (D:6)
  2 hounds
  3 jellies
  A bullfrog skeleton (D:8)
  2 iguanas
  2 orc wizards (D:6)
  7 worker ants
  A worker ant zombie (D:8)
  A howler monkey skeleton (D:8)
  4 gnolls (D:7)
  16 adders
  2 shadow imps
  An ooze (D:2)
  An adder skeleton (D:7)
  2 adder zombies
  2 worms (D:3)
  4 dart slugs
  11 orcs
  7 giant cockroaches
  11 goblins
  7 hobgoblins
  6 jackals
  6 kobolds
  5 quokkas
  A ball python skeleton (D:4)
  8 bats
  A frilled lizard (D:2)
  A leopard gecko skeleton (D:4)
  A quokka zombie (D:5)
  5 rats
161 creatures vanquished.

Vanquished Creatures (others)
  A fungus (D:8)
1 creature vanquished.

Grand Total: 162 creatures vanquished

Notes
Turn   | Place    | Note
-------+----------+-------------------------------------------
     0 | D:1      | Laan the Kobold Fire Elementalist began the quest for the Orb.
     0 | D:1      | Reached XP level 1. HP: 10/10 MP: 3/3
   504 | D:1      | Reached XP level 2. HP: 15/15 MP: 0/5
   670 | D:1      | Reached skill level 2 in Conjurations
   960 | D:1      | Reached XP level 3. HP: 19/19 MP: 3/6
  1302 | D:2      | Found a basalt altar of Yredelemnul.
  1732 | D:2      | Reached XP level 4. HP: 24/24 MP: 5/8
  1914 | D:2      | Found a burning altar of Makhleb.
  1968 | D:2      | Reached skill level 3 in Conjurations
  2675 | D:3      | Reached XP level 5. HP: 22/28 MP: 4/10
  2931 | D:3      | Found a hazy altar of Hepliaklqana.
  3016 | D:3      | Found a blossoming altar of Fedhas.
  3298 | D:2      | Reached skill level 4 in Conjurations
  3442 | D:3      | Noticed Kwzr's ghost (amateur TeSu)
  3469 | D:2      | Learned a level 3 spell: Conjure Flame
  3641 | D:3      | Found a hide-covered altar of Uskayaw.
  3641 | D:3      | Found an iron altar of Okawaru.
  3770 | D:3      | Killed Kwzr's ghost
  3770 | D:3      | Reached XP level 6. HP: 28/32 MP: 4/12
  3898 | D:4      | Reached skill level 5 in Conjurations
  4013 | D:4      | Learned a level 4 spell: Sticky Flame
  4019 | D:4      | Learned a level 5 spell: Fireball
  4238 | D:4      | Found a snail-covered altar of Cheibriados.
  4887 | D:4      | Found a stormy altar of Qazlal.
  5167 | D:5      | Entered Level 5 of the Dungeon
  5167 | D:5      | Noticed an ice beast
  5175 | D:5      | Killed an ice beast
  5175 | D:5      | Reached XP level 7. HP: 36/36 MP: 6/13
  5461 | D:4      | Reached skill level 6 in Conjurations
  6214 | D:5      | Reached skill level 5 in Spellcasting
  6295 | D:6      | Reached XP level 8. HP: 41/41 MP: 9/15
  6327 | D:6      | Reached skill level 7 in Conjurations
  6790 | D:6      | Noticed Prince Ribbit
  6862 | D:6      | Killed Prince Ribbit
  6914 | D:6      | Got a slimy trident
  6921 | D:6      | Identified the +7 trident "Unlysm" {pain, rPois rC+ rN+++ Int-3} (You found it on level 6 of the Dungeon)
  6941 | D:6      | Noticed Sigmund
  6955 | D:6      | Killed Sigmund
  6955 | D:6      | Reached skill level 8 in Conjurations
  7147 | D:6      | Found a burning altar of Makhleb.
  7541 | D:7      | Found an opulent altar of Gozag.
  7599 | D:7      | Noticed mora's ghost (novice GrFi)
  7610 | D:7      | Noticed a yak
  7610 | D:7      | Noticed a yak
  7635 | D:7      | Killed a yak
  7635 | D:7      | Reached XP level 9. HP: 45/45 MP: 8/18
  7714 | D:7      | Reached skill level 9 in Conjurations
  8222 | D:7      | Reached skill level 10 in Conjurations
  8558 | D:7      | Found a bloodstained altar of Trog.
  8822 | D:7      | Found a staircase to the Ecumenical Temple.
  8874 | Temple   | Entered the Ecumenical Temple
  9223 | D:7      | Killed mora's ghost
  9223 | D:7      | Reached skill level 11 in Conjurations
  9223 | D:7      | Reached XP level 10. HP: 50/50 MP: 0/22
  9876 | D:8      | Found a staircase to the Lair.
 10472 | D:8      | Reached skill level 12 in Conjurations
 10861 | D:9      | Noticed Gastronok
 11230 | D:8      | Killed from afar by Gastronok

Vault maps used:
D:1:      lemuel_arrival_room
D:2:      old_standard_altar, lemuel_round_altar, feat_on_display
D:3:      fedhas_altar_1, lemuel_coloured_pillars_altar,
          gammafunk_temple_overflow_elements, first_bread
D:4:      kennysheep_slug_shrine, nicolae_qazlal_general_emergency
D:5:      kennysheep_generic_room_7
D:6:      bloody_makhleb, uniq_sigmund, uniq_prince_ribbit1
D:7:      grunt_gozag_breadcrumbs, overflow_temple_1_default,
          minmay_temple_entry_nine_rooms, grunt_livestock
D:8:      grunt_lair_entry_orc_guard_hut
D:9:      vehumet_statue, overflow_temple_1_default, basic_altar,
          kennysheep_windowed_goal, uniq_psyche, uniq_erica, uniq_gastronok,
          uniq_joseph
Temple:   corrupted_temple

Skill      XL: |  1  2  3  4  5  6  7  8  9 10 |
---------------+-------------------------------+-----
Conjurations   | 2 3 4 5 6 8 11 12 | 12.3
Spellcasting   | 3 4 5 6 8 9 |  9.1
Dodging        | |  2.4
Stealth        | |  2.6
Fire Magic     | |  3.0

Action                   |  1- 3 |  4- 6 |  7- 9 | 10-12 || total
-------------------------+-------+-------+-------+-------++-------
Melee: Unarmed           |     8 |       |       |       ||     8
       Whip              |    19 |    21 |       |       ||    40
       Hand axe          |       |       |     6 |     7 ||    13
       Short sword       |       |       |     2 |       ||     2
       Trident           |       |       |     3 |       ||     3
 Cast: Flame Tongue      |    50 |   121 |   174 |    90 ||   435
       Conjure Flame     |       |     2 |     3 |       ||     5
       Sticky Flame      |       |       |    16 |    21 ||    37
       Fireball          |       |       |       |     1 ||     1
  Use: Potion            |       |       |     1 |       ||     1
       Scroll            |       |       |     2 |       ||     2
  Eat: Chunk             |    11 |     9 |    16 |     7 ||    43
Armor: Robe              |     9 |    27 |    21 |    19 ||    76
Dodge: Dodged            |    51 |    84 |    64 |    61 ||   260
